 Dungeon Crawl Stone Soup version 0.27-a0-3-gcf006a40f5 (webtiles) character file.

Game seed: 18280510724093035381

478 hehateme the Shield-Bearer (level 7, 0/56 HPs)
             Began as a Formicid Fighter on Jan 2, 2021.
             Slain by an orc warrior
             ... wielding a +0 long sword
              (17 damage)
             ... on level 5 of the Dungeon.
             The game lasted 00:07:27 (3800 turns).

hehateme the Shield-Bearer (Formicid Fighter)       Turns: 3800, Time: 00:07:27

Health: 0/56       AC: 12    Str: 22    XL:     7   Next: 33%
Magic:  7/7        EV:  5    Int:  8    God:
Gold:   204        SH: 10    Dex: 10    Spells: 6/6 levels left

rFire    . . .     SeeInvis +   a - +0 war axe
rCold    . . .     Faith    .   c - +0 kite shield
rNeg     . . .     Spirit   .   D - +0 plate armour
rPois    .         Reflect  .   (helmet unavailable)
rElec    .         Harm     .   g - +0 cloak
rCorr    .         Rampage  .   (no gloves)
Will     .....                  (no boots)
Stlth    ..........             (no amulet)
HPRegen  0.18/turn              (no ring)
MPRegen  0.10/turn              (no ring)

@: no status effects
A: permanent stasis, dig shafts and tunnels, four strong arms, antennae 3
a: Dig, Shaft Self


You were on level 5 of the Dungeon.
You visited 1 branch of the dungeon, and saw 5 of its levels.

You collected 204 gold pieces.

Inventory:

Hand Weapons
 a - a +0 war axe (weapon)
Missiles
 t - 12 sling bullets
 A - 143 stones (quivered)
 F - 33 bolts
 Q - 13 arrows
Armour
 b - a +0 scale mail
 c - a +0 kite shield (worn)
 g - a +0 cloak (worn)
 i - a +0 chain mail
 D - a +0 plate armour (worn)
Jewellery
 v - an uncursed ring of protection from cold {unknown}
 x - an uncursed amulet of regeneration {unknown}
Wands
 e - a wand of disintegration (4)
Scrolls
 f - a scroll of blinking {unknown}
 j - 2 scrolls of teleportation {unknown}
 k - 2 scrolls of noise {unknown}
 l - 7 scrolls of identify {unknown}
 n - 2 scrolls of remove curse {unknown}
 p - 2 scrolls of magic mapping {unknown}
 s - 3 scrolls of amnesia {unknown}
 w - a scroll of fear {unknown}
 y - a scroll of immolation {unknown}
 B - a scroll of enchant weapon {unknown}
 C - a scroll of enchant armour {unknown}
Potions
 d - a potion of might
 h - 2 potions of lignification {unknown}
 m - 3 potions of resistance {unknown}
 o - 2 potions of cancellation {unknown}
 q - 2 potions of ambrosia {unknown}
 r - 2 potions of curing {unknown}
 u - 3 potions of haste {unknown}
 z - a potion of brilliance {unknown}
 E - a potion of mutation {unknown}
 G - a potion of degeneration {unknown}


   Skills:
 + Level 5.6 Fighting
 + Level 4.5 Axes
 - Level 3.2 Armour
 + Level 6.1 Shields


You had 6 spell levels left.
You didn't know any spells.
Your spell library contained the following spells:

 Spells                   Type           Power        Failure   Level
 Confusing Touch          Hex            0%           100%        3
 Gell's Gravitas          Tloc           0%           100%        3
 Petrify                  Tmut/Erth      0%           100%        4
 Metabolic Englaciation   Hex/Ice        0%           100%        5
 Yara's Violent Unravell  Hex/Tmut       0%           100%        5


Dungeon Overview and Level Annotations

Branches:
Dungeon (5/15)
 Temple: D:4-7

Altars:
Elyvilon
Fedhas
Zin
The Shining One

Shops:
D:4 *

Annotations:
D:4 Eustachio, Menkaure


Innate Abilities, Weirdness & Mutations

You cannot be hasted, slowed, berserked, paralysed or teleported.
You can dig through walls and to a lower floor.
Your four strong arms can wield two-handed weapons with a shield.
You have a pair of large antennae on your head. (SInv)


Message History

The orc wizard blinks!
You barely miss the orc warrior. You block the orc warrior's attack.
You hit the orc warrior. You block the orc warrior's attack.
You closely miss the orc warrior.
The orc warrior hits you but does no damage.
The orc wizard gestures at you while chanting.
The magic dart hits you.
* * * LOW HITPOINT WARNING * * *
You take 6 damage, and have 24/56 hp.
You closely miss the orc warrior. You block the orc warrior's attack.
You hit the orc warrior but do no damage.
The orc warrior hits you with a +0 long sword!
* * * LOW HITPOINT WARNING * * *
The orc warrior closely misses you.
You take 7 damage, and have 17/56 hp.
You hit the orc warrior.
The orc wizard casts a spell.
The orc wizard blinks!
The orc warrior hits you with a +0 long sword!
You die...

........#+## ####........
## #........
.###........############
........................
......................(.
...................(((..
.................)(.....
................@o......
......<............[....
...............ยง........
..........o.............
########................
###### #.....###########
.....###.....#######
.....#.............#
.....#.............#

Skill      XL: |  1  2  3  4  5  6  7 |
---------------+----------------------+-----
Shields        | 4 5 6 |  6.1
Fighting       | 4 5 |  5.6
Axes           | 3 4 |  4.5
Armour         | |  3.2

Notes
Turn   | Place    | Note
-------+----------+-------------------------------------------
     0 | D:1      | hehateme the Formicid Fighter began the quest for the Orb.
     0 | D:1      | Reached XP level 1. HP: 18/18 MP: 1/1
   339 | D:1      | Reached XP level 2. HP: 22/24 MP: 2/2
   649 | D:1      | Reached skill level 4 in Shields
   783 | D:2      | Reached XP level 3. HP: 26/30 MP: 3/3
   940 | D:2      | Reached skill level 4 in Fighting
   942 | D:2      | Reached XP level 4. HP: 36/37 MP: 4/4
  1206 | D:2      | Reached skill level 3 in Axes
  1331 | D:2      | Found a white marble altar of Elyvilon.
  1332 | D:2      | Found a glowing silver altar of Zin.
  1334 | D:2      | Found a glowing golden altar of the Shining One.
  2210 | D:3      | Reached XP level 5. HP: 42/42 MP: 5/5
  2214 | D:3      | Found a blossoming altar of Fedhas.
  2556 | D:4      | Reached skill level 5 in Shields
  2713 | D:4      | Noticed Robin
  2725 | D:4      | Reached XP level 6. HP: 43/49 MP: 6/6
  2728 | D:4      | Killed Robin
  2946 | D:4      | Found Doro's General Store.
  3092 | D:4      | Noticed Sigmund
  3155 | D:4      | Killed Sigmund
  3156 | D:4      | Reached skill level 5 in Fighting
  3156 | D:4      | Reached skill level 4 in Axes
  3156 | D:4      | Reached XP level 7. HP: 49/56 MP: 7/7
  3362 | D:4      | Reached skill level 6 in Shields
  3441 | D:4      | Noticed Menkaure
  3441 | D:4      | Noticed Eustachio
  3591 | D:5      | Entered Level 5 of the Dungeon
  3800 | D:5      | Slain by an orc warrior

Table legend: (Time is in decaauts)
 A = Elapsed time spent in this place.
 B = Non-inter-level travel time spent in this place.
 C = Inter-level travel time spent in this place.
 D = Time resting spent in this place.
 E = Time spent auto-exploring this place.
 F = Levels seen in this place.
 G = Mean time per level.
                   A        B        C        D        E       F      G
               +--------+--------+--------+--------+--------+-----+--------+
         Total |   3941 |   3705 |    236 |    143 |   2740 |   5 |  788.2 |
       Dungeon |   3941 |   3705 |    236 |    143 |   2740 |   5 |  788.2 |
               +--------+--------+--------+--------+--------+-----+--------+

Top non-repeatable levels by time:
     D:3: 1115 daAuts
     D:4: 1090 daAuts
     D:1: 782 daAuts
     D:2: 734 daAuts
     D:5: 219 daAuts

Table legend:
 A = Kills in this place as a percentage of kills in entire the game.
 B = Kills by you in this place as a percentage of kills by you in the entire game.
 C = Kills by friends in this place as a percentage of kills by friends in the entire game.
 D = Other kills in this place as a percentage of other kills in the entire game.
 E = Experience gained in this place as a percentage of experience gained in the entire game.
 F = Experience gained in this place divided by the number of levels of this place that you have seen.
                   A       B       C       D       E      F
               +-------+-------+-------+-------+-------+----------------------
         Total | 100.0 | 100.0 |   N/A |   N/A | 100.0 | 136.6
       Dungeon | 100.0 | 100.0 |   N/A |   N/A | 100.0 | 136.6
               +-------+-------+-------+-------+-------+----------------------

Action                   |  1- 3 |  4- 6 |  7- 9 || total
-------------------------+-------+-------+-------++-------
Melee: War axe           |    95 |   164 |    36 ||   295
Throw: Stone             |    28 |    79 |    23 ||   130
Evoke: Wand              |       |     7 |       ||     7
Armor: Chain mail        |    76 |    78 |       ||   154
       Scale mail        |     1 |       |       ||     1
       Plate armour      |       |     8 |    13 ||    21
Dodge: Dodged            |    28 |    34 |     5 ||    67
Block: Kite shield       |    50 |    90 |    16 ||   156

Vanquished Creatures
  Sigmund (D:4)
  An orc priest (D:4)
  A bullfrog skeleton (D:4)
  A hound (D:5)
  An iguana (D:5)
  2 worker ants (D:4)
  Robin (D:4)
  4 adders
  A white imp (D:5)
  2 oozes
  A worm (D:3)
  A dart slug (D:2)
  3 leopard geckos
  3 orcs
  5 giant cockroaches
  17 goblins
  7 hobgoblins
  15 jackals
  A kobold (D:2)
  2 quokkas (D:4)
  3 ball pythons
  6 bats
  2 frilled lizards (D:1)
  6 rats
87 creatures vanquished. You could see an orc warrior and an orc wizard.

Levels and vault maps discovered:
D:1:      sevenhm_arrival_forest_fort_large_1, layout_rooms
D:2:      layout_basic, good_gods_temple_1
D:3:      layout_basic, fedhas_altar_4, kennysheep_big_empty_room
D:4:      layout_cave_pods, serial_shops, shop, uniq_eustachio, uniq_robin,
          uniq_sigmund, uniq_menkaure
D:5:      layout_basic, dancing_weapons_uskayaw, okawaru_altar_gauntlet_db,
          uniq_prince_ribbit1
